AoeStats
← suzxcf

Black Forest

513487910Analyzed
2v2 RM · 5d ago on Oct 13, 2026· 56m 16s· 4 players
Game mode
Random Map
Map size
Medium (4 player)
Population
200
Speed
Normal
Resources
Standard
Victory
Conquest
Starting age
Dark Age
Ending age
Imperial Age
RankedLock teamsTeams togetherTeam positionsShared explorationLock speedFull tech treeHidden civsTurbo modeCheats
Victory
Defeat
🇨🇭 Italians · Switzerland
643
+17
🇮🇹 Sicilians · Italy
599
+18
vs
🇫🇷 Spanish · France
654
-31
🇫🇷 Franks · France
654
-33
duro-dur8
0:43 Loom
11:41 Feudal Age
17:12 Castle Age
15:36 Horse Collar
18:13 Heavy Plow
25:05 Double-Bit Axe
26:13 Bow Saw
27:51 Wheelbarrow
30:06 Stone Mining
30:07 Gold Mining
33:59 Imperial Age
31:48 Hand Cart
31:21 Town Watch
34:49 Scale Barding Armor
34:55 Forging
37:02 Two-Man Saw
35:48 Light Cavalry
36:54 Chain Barding Armor
37:10 Iron Casting
37:11 Hussar
37:51 Husbandry
38:02 Bloodlines
38:31 Plate Barding Armor
40:14 Blast Furnace
40:10 Crop Rotation
44:27 Fletching
44:38 Padded Archer Armor
45:23 Bodkin Arrow
45:18 Elite Genoese Crossbowman
46:19 Leather Archer Armor
49:04 Ballistics
49:45 Chemistry
50:10 Thumb Ring
draisressalent
0:34 Loom
12:58 Feudal Age
17:30 Gold Mining
17:32 Stone Mining
25:23 Double-Bit Axe
25:52 Horse Collar
27:59 Wheelbarrow
31:27 Castle Age
29:46 Town Watch
32:38 Bow Saw
32:33 Heavy Plow
33:27 Murder Holes
33:53 Ballistics
34:10 Masonry
37:32 Hand Cart
37:54 Caravan
42:06 Gold Shaft Mining
44:58 Imperial Age
44:50 First Crusade
45:31 First Crusade
46:30 Crop Rotation
46:59 Guilds
47:20 Forging
47:11 Scale Mail Armor
47:02 Fletching
48:39 Iron Casting
48:05 Padded Archer Armor
48:56 Conscription
49:09 Arrowslits
52:13 Blast Furnace
51:28 Chain Mail Armor
51:40 Pikeman
52:46 Halberdier
54:50 Stone Shaft Mining
55:09 Elite Serjeant
FC BULMA
7:21 Loom
8:14 Loom
10:19 Feudal Age
11:09 Double-Bit Axe
11:20 Horse Collar
13:01 Wheelbarrow
19:54 Castle Age
19:32 Bloodlines
24:10 Heavy Plow
25:53 Fletching
26:14 Gold Mining
27:13 Bow Saw
27:57 Stone Mining
29:19 Bodkin Arrow
31:07 Padded Archer Armor
34:39 Hand Cart
37:47 Imperial Age
36:05 Murder Holes
37:20 Herbal Medicine
37:47 Ballistics
37:54 Caravan
39:04 Conscription
39:55 Leather Archer Armor
39:41 Bracer
39:56 Husbandry
40:11 Elite Conquistador
43:06 Ring Archer Armor
43:57 Chemistry
47:27 Stone Shaft Mining
50:10 Two-Man Saw
49:46 Masonry
50:20 Town Watch
suzxcf
10:41 Feudal Age
11:08 Double-Bit Axe
21:41 Castle Age
22:10 Forging
22:06 Scale Barding Armor
25:47 Gold Mining
27:14 Murder Holes
31:20 Chain Barding Armor
35:51 Gold Shaft Mining
38:57 Imperial Age
36:39 Husbandry
37:50 Bow Saw
39:07 Wheelbarrow
39:19 Cavalier
43:02 Plate Barding Armor
49:36 Iron Casting
54:15 Blast Furnace
Connection lost

Rejoining the realm…

Still unreachable

The connection could not be restored.

Session expired

The server has moved on; the page needs a fresh start.